 Dungeon Crawl Stone Soup version 0.28.0-47-ge53b351184 (webtiles) character file.

Game seed: 8913807598948928399

116 NinjaNoafa the Chopper (level 5, -2/46 HPs)
             Began as a Hill Orc Monk on Apr 29, 2022.
             Slain by a worm (9 damage)
             ... on level 3 of the Dungeon.
             The game lasted 00:04:21 (2915 turns).

NinjaNoafa the Chopper (Hill Orc Monk)              Turns: 2915, Time: 00:04:22

Health: -2/46      AC:  6    Str: 16    XL:     5   Next: 0%
Magic:  5/5        EV: 12    Int: 10    God:
Gold:   107        SH:  0    Dex: 13    Spells: 4/4 levels left

rFire   . . .      SeeInvis .   e - +2 whip (venom)
rCold   . . .      Faith    .   (no shield)
rNeg    . . .      Spirit   .   h - +2 leather armour {rPois}
rPois   +          Reflect  .   b - +0 helmet
rElec   .          Harm     .   c - +0 cloak
rCorr   .          Rampage  .   (no gloves)
Will    .....                   (no boots)
Stlth   ++........              (no amulet)
HPRegen 0.15/turn               (no ring)
MPRegen 0.09/turn               (no ring)

@: weak-willed
A: talons 1, deformed body
a: no special abilities


You were on level 3 of the Dungeon.
You visited 1 branch of the dungeon, and saw 3 of its levels.

You collected 107 gold pieces.

Inventory:

Hand Weapons
 a - a +3 quarterstaff of chaos
 e - a +2 whip of venom (weapon)
Missiles
 f - 51 stones (quivered)
Armour
 b - a +0 helmet (worn)
 c - a +0 cloak (worn)
 h - a +2 leather armour of poison resistance (worn)


   Skills:
 - Level 3.8 Fighting
 - Level 4.1 Axes
 - Level 0.3(2.0) Maces & Flails
 + Level 3.3 Armour
 + Level 3.2 Dodging
 - Level 2.0 Stealth


You had 4 spell levels left.
You didn't know any spells.
Your spell library contained the following spells:

 Spells                   Type           Power      Damage    Failure   Level
 Blink                    Tloc           0%         N/A       56%         2
 Lesser Beckoning         Tloc           0%         N/A       80%         3
 Manifold Assault         Tloc           0%         N/A       100%        5


Dungeon Overview and Level Annotations

Branches:
Dungeon (3/15)

Altars:

Annotations:
D:3 Robin


Innate Abilities, Weirdness & Mutations

You have sharp toenails.
Armour fits poorly on your strangely shaped body.


Message History

Magic quickly surges around you.
It was a scroll of vulnerability.
The phantom hits you but does no damage.
As you read the scroll labelled KULUHU KELEDD, it crumbles to dust.
Your body is wracked with pain!
The worm convulses!
It was a scroll of torment.
The phantom barely misses you.
You hit the phantom.
The phantom is heavily damaged.
The worm bites you. The phantom misses you.
You whack the phantom! You claw the phantom, but do no damage.
The phantom is severely damaged.
The worm bites you but does no damage. The phantom closely misses you.
You barely miss the phantom. You claw the phantom, but do no damage.
The phantom is severely damaged.
The phantom hits you.
You miss the phantom.
The phantom is severely damaged.
The worm barely misses you. The phantom hits you.
* * * LOW HITPOINT WARNING * * *
The phantom blinks!
You blink.
Robin, 4 goblins and 3 hobgoblins come into view.
Robin is wielding a +0 mace of protection and wearing the -6 helmet "Xahinn" {Will- Str+6 Int+4}.
You barely miss the phantom. You claw the phantom.
The phantom is almost destroyed.
The goblin shouts!
The hobgoblin shouts!
You hear a shout!
The hobgoblin shouts!
You hear a shout!
The phantom closely misses you.
A goblin comes into view. It is wielding a +0 club. x2
The goblin shouts! x2; The hobgoblin shouts!
The goblin shouts!
You hear a shout!
A bat comes into view.
The phantom hits you.
* * * LOW HITPOINT WARNING * * *
The bat hits you but does no damage. The bat hits you but does no damage.
You aren't carrying any potions.
You aren't carrying any scrolls.
The worm barely misses you. The bat closely misses you.
The bat hits you but does no damage. The bat hits you but does no damage.
The worm bites you!
You die...

#.# #>#...###
#######.####.#......
..........##.#.^.#..
#.....<.......###.##
#.######...........#
#.##...###..# #
#......###..##.#
#.##..wW.......#
#....@b..g..####
#.###.#####.# #.#
#.##........... #w#
#.##.##.######. #.#.


.gg #.. gg. ### ggg.# g.g## .#.g# You could see a phantom (weak-willed), a worm
(weak-willed), a hobgoblin and a bat.

Vanquished Creatures
  Crazy Yiuf (D:2)
  2 adders (D:2)
  A gnoll (D:1)
  A howler monkey skeleton (D:2)
  2 worms (D:2)
  A ball python (D:1)
  6 endoplasms
  2 giant cockroaches
  8 goblins
  2 hobgoblins (D:1)
  A quokka (D:1)
  2 bats (D:1)
  2 frilled lizards (D:1)
  6 kobolds
  6 rats
43 creatures vanquished.

Notes
Turn   | Place    | Note
-------+----------+-------------------------------------------
     0 | D:1      | NinjaNoafa the Hill Orc Monk began the quest for the Orb.
     0 | D:1      | Reached XP level 1. HP: 19/19 MP: 1/1
   592 | D:1      | Reached XP level 2. HP: 24/27 MP: 2/2
   707 | D:1      | Reached skill level 1 in Armour
   874 | D:1      | Reached XP level 3. HP: 26/33 MP: 3/3
  1477 | D:1      | Found a faded altar of an unknown god.
  1845 | D:2      | Reached XP level 4. HP: 35/40 MP: 4/4
  2095 | D:2      | Found a runed translucent door.
  2096 | D:2      | Noticed Crazy Yiuf
  2690 | D:2      | Gained mutation: Armour fits poorly on your strangely
                  | shaped body. [potion of mutation]
  2690 | D:2      | Gained mutation: You have sharp toenails. [potion of
                  | mutation]
  2697 | D:2      | Killed Crazy Yiuf
  2698 | D:2      | Reached XP level 5. HP: 43/46 MP: 5/5
  2892 | D:3      | Noticed a phantom
  2908 | D:3      | Identified the -6 helmet "Xahinn" {Will- Str+6 Int+4}
  2908 | D:3      | Noticed Robin
  2915 | D:3      | Slain by a worm

Illustrated notes

Levels and vault maps discovered:
D:1:      tarquinn_simple_flora_water_d, layout_basic,
          shapermc_ecumenical_altar_petra,
          nicolae_concentric_dashed_squares_mild, minivault_25
D:2:      layout_basic, grunt_decor_mini_mirrors, serial_park_tiny_2,
          uniq_crazy_yiuf_cottage
D:3:      layout_loops_ring, uniq_robin

Skill      XL: |  1  2  3  4 |
---------------+-------------+-----
Stealth        | 2 |  2.0
Armour         | 1 2 3 |  3.3
Dodging        | 3 |  3.2
Fighting       | |  3.8
Axes           | |  4.1
Maces & Flails | |  0.3

Action                   |  1- 3 |  4- 6 || total
-------------------------+-------+-------++-------
Melee: Hand axe          |     9 |       ||     9
       Whip              |    83 |    39 ||   122
       Kick              |       |     5 ||     5
  Use: Potion            |       |     4 ||     4
       Scroll            |       |     2 ||     2
 Stab: Sleeping          |     3 |     1 ||     4
Armor: Robe              |     2 |       ||     2
       Ring mail         |    14 |       ||    14
       Leather armour    |    12 |    10 ||    22
       Skin              |       |     1 ||     1
Dodge: Dodged            |    42 |    20 ||    62
